AoeStats
← 军军

Arabia

509857693Analyzed
1v1 RM · 5d ago on Sep 28, 2026· 17m 29s· 2 players
Game mode
Random Map
Map size
Tiny (2 player)
Population
200
Speed
Normal
Resources
Standard
Victory
Conquest
Starting age
Dark Age
Ending age
Imperial Age
RankedLock teamsTeams togetherTeam positionsShared explorationLock speedFull tech treeHidden civsTurbo modeCheats
Victory
Defeat
🇨🇳 Teutons · China
799
+15
🇷🇴 Sicilians · Romania
773
-15
Paranoia6358
10:51 Feudal Age
12:24 Loom
17:04 Forging
16:58 Scale Mail Armor
17:10 Town Watch
军军
6:06 Loom
11:45 Feudal Age
12:17 Man-at-Arms
14:52 Double-Bit Axe
Connection lost

Rejoining the realm…

Still unreachable

The connection could not be restored.

Session expired

The server has moved on; the page needs a fresh start.